Map: [ESL] Data-C

Players

Zoun

  • Race: Protoss Protoss
  • Spawn Location: 9:00

Astrea - Winner!

  • Race: Protoss Protoss
  • League: Master
  • Spawn Location: 3:00

Event: HomeStory Cup XXII

VOD

Have the link to the VOD?

Description

Time

  • Played on: Dec. 18, 2022, 12:12 p.m.
  • Length: 17:33

All games in this series

Show
View Real Time Build Order
Export as new Build Order

Zoun Protoss 

Build Orders: 1 Gate Expand, Blink Stalkers, Dark Templar Rush 

Get SALT Encoding   

  12  0:00  Probe  
  13  0:12  Probe  
  14  0:17  Pylon  
  14  0:24  Probe (Chrono Boost)  
  15  0:36  Probe (Chrono Boost)  
  15  0:38  Gateway  
  16  0:44  Probe (Chrono Boost)  
  16  0:47  Assimilator  
  17  0:51  Probe  
  18  1:03  Probe  
  19  1:15  Probe  
  20  1:23  Nexus  
  20  1:34  Cybernetics Core  
  20  1:36  Probe  
  21  1:43  Assimilator  
  21  1:48  Probe  
  22  1:54  Pylon  
  22  2:00  Probe (Chrono Boost)  
  23  2:09  Warp Gate (Chrono Boost), Stalker (Chrono Boost)  
  23  2:14  Probe (Chrono Boost)  
  26  2:19  Probe (Chrono Boost)  
  28  2:31  Twilight Council  
  28  2:32  Probe (Chrono Boost)  
  28  2:35  Probe (Chrono Boost)  
  29  2:41  Stalker  
  32  2:46  Probe x2 (Chrono Boost)  
  33  2:56  Gateway  
  32  2:59  Shield Battery  
  32  3:01  Probe  
  32  3:03  Probe  
  34  3:08  Pylon  
  34  3:13  Probe  
  35  3:20  Stalker  
  35  3:27  Dark Shrine  
  37  3:32  Gateway  
  37  3:33  Probe  
  38  3:39  Probe  
  39  3:42  Pylon  
  39  3:45  Probe  
  40  3:51  Probe  
  40  3:55  Blink (Chrono Boost)  
  41  3:57  Probe, Assimilator  
  42  4:03  Probe (Chrono Boost)  
  42  4:05  Robotics Facility  
  44  4:15  Probe x2 (Chrono Boost)  
  45  4:22  Probe (Chrono Boost)  
  45  4:23  Probe (Chrono Boost)  
  47  4:33  Probe  
  47  4:36  Probe  
  49  4:38  Dark Templar x2  
  49  4:42  Nexus  
  53  4:45  Pylon  
  53  4:48  Stalker  
  55  4:55  Pylon  
  55  4:57  Immortal (Chrono Boost)  
  55  5:02  Probe  
  55  5:05  Shield Battery  
  60  5:08  Probe  
  60  5:12  Sentry  
  63  5:14  Probe, Assimilator  
  65  5:21  Probe  
  65  5:25  Stalker x2  
  65  5:26  Probe  
  70  5:34  Forge  
  70  5:36  Probe  
  70  5:39  Probe, Stalker  
  74  5:47  Pylon  
  74  5:49  Probe  
  75  5:51  Probe  
  75  5:54  Observer, Probe (Chrono Boost)  
  78  6:01  Probe (Chrono Boost)  
  78  6:03  Protoss Ground Weapons Level 1 (Chrono Boost)  
  80  6:07  Probe (Chrono Boost)  
  80  6:08  Probe (Chrono Boost)  
  80  6:09  Gateway  
  80  6:10  Gateway  
  82  6:11  Sentry  
  82  6:12  Probe (Chrono Boost)  
  82  6:14  Charge, Probe (Chrono Boost)  
  82  6:16  Probe x2 (Chrono Boost)  
  87  6:21  Probe, Gateway  
  88  6:27  Gateway  
  88  6:28  Gateway  
  88  6:30  Pylon  
  88  6:40  Stalker  
  88  6:41  Stalker x2  
  88  6:42  Probe x2  
  88  6:44  Assimilator  
  88  6:47  Robotics Bay  
  96  6:49  Photon Cannon  
  96  6:51  Observer, Probe  
  96  6:53  Immortal (Chrono Boost)  
  97  6:54  Probe  
  97  6:59  Pylon  
  102  7:05  Sentry  
  102  7:07  Probe x2  
  106  7:12  Pylon  
  106  7:13  Pylon  
  106  7:19  Nexus  
  106  7:20  Shield Battery  
  106  7:25  Shield Battery  
  106  7:26  Zealot x3  
  112  7:31  Stalker x2  
  112  7:33  Stalker  
  112  7:34  Disruptor (Chrono Boost)  
  121  7:44  Stalker  
  121  7:45  Stalker  
  125  7:52  Zealot x2, Stalker  
  125  7:58  Zealot x3  
  127  7:59  Disruptor (Chrono Boost)  
  129  8:07  Stalker  
  129  8:10  Zealot  
  124  8:14  Zealot x2  
  124  8:16  Probe x2  
  124  8:21  Stalker x3  
  130  8:29  Zealot  
  130  8:30  Probe x2  
  124  8:41  Disruptor (Chrono Boost)  
  124  8:45  Probe  
  124  8:46  Probe x2  
  124  8:47  Zealot x4  
  134  8:57  Zealot x2  
  134  9:01  Observer  
  134  9:02  Zealot  
  120  9:15  Zealot x3, Probe x2, Protoss Ground Weapons Level 2 (Chrono Boost)  
  120  9:17  Probe x2  
  120  9:20  Photon Cannon  
  120  9:21  Disruptor (Chrono Boost)  
  122  9:26  Robotics Facility  
  122  9:28  Probe x2  
  122  9:29  Probe x2  
  128  9:39  Stalker x4  
  128  9:40  Probe  
  128  9:41  Photon Cannon, Gateway  
  128  9:42  Gateway  
  137  9:49  Warp Prism  
  137  9:52  Photon Cannon  
  137  9:53  Dark Templar  
  137  9:56  Zealot x2  
  143  10:10  Zealot x3  
  143  10:14  Pylon x3  
  141  10:25  Nexus  
  141  10:33  Pylon  
  141  10:35  Pylon x2  
  138  10:37  Zealot x8  
  138  10:40  Shadow Stride  
  138  10:42  Disruptor  
  160  10:43  Observer  
  138  10:55  Zealot x2  
  124  11:04  Disruptor (Chrono Boost), Zealot x6  
  124  11:05  Dark Templar x2  
  143  11:14  Disruptor (Chrono Boost)  
  140  11:26  Zealot x4, Dark Templar x2  
  140  11:27  Zealot  
  140  11:29  Shield Battery  
  140  11:30  Photon Cannon  
  150  11:33  Protoss Ground Weapons Level 3 (Chrono Boost)  
  150  11:34  Disruptor (Chrono Boost)  
  150  11:36  Stalker  
  150  11:38  Observer  
  153  11:43  Disruptor (Chrono Boost)  
  150  11:48  Zealot x3, Stalker x2  
  150  11:49  Zealot x2  
  150  11:53  Archon  
  162  12:02  Disruptor (Chrono Boost), Zealot  
  165  12:10  Disruptor (Chrono Boost)  
  165  12:22  Zealot x7  
  179  12:31  Disruptor  
  182  12:37  Nexus  
  182  12:41  Stalker x3  
  182  12:43  Zealot x5  
  182  12:44  Zealot  
  194  12:54  Zealot  
  156  13:03  Disruptor  
  156  13:05  Zealot x7  
  121  13:06  Zealot x2  
  121  13:07  Disruptor  
  121  13:10  Zealot x6  
  118  13:15  Zealot x3  
  118  13:16  Zealot  
  98  13:31  Probe x4  
  98  13:32  Probe  
  103  13:36  Dark Templar x6  
  103  13:38  Zealot x4  
  123  14:01  Stalker x4  
  128  14:08  Zealot  
  128  14:09  Zealot x3  
  136  14:14  Nexus, Dark Templar  
  136  14:21  Dark Templar  
  118  14:33  Probe x2  
  114  14:47  Zealot, Observer, Stalker x3  
  114  14:48  Zealot x3  
  112  14:55  Archon  
  112  14:56  Archon  
  108  15:05  Zealot x3  
  106  15:28  Dark Templar x5  
  88  15:32  Dark Templar  
  93  15:56  Nexus  
  93  15:57  Stalker x2  
  96  16:27  Zealot x5  
  104  16:34  Nexus  
  89  16:48  Nexus  
  83  17:02  Nexus  
Show
View Real Time Build Order
Export as new Build Order

Astrea Protoss - Winner!

Build Orders: Nexus First, Archon Immortal 

Get SALT Encoding   

  12  0:00  Probe  
  13  0:12  Probe  
  14  0:17  Pylon  
  14  0:24  Probe  
  15  0:36  Probe  
  16  0:48  Probe  
  17  0:58  Nexus  
  17  1:07  Gateway  
  17  1:11  Probe (Chrono Boost)  
  18  1:16  Assimilator  
  18  1:23  Probe (Chrono Boost)  
  19  1:28  Probe (Chrono Boost)  
  20  1:33  Gateway  
  20  1:37  Probe  
  21  1:44  Pylon  
  21  1:49  Probe  
  22  1:57  Cybernetics Core  
  22  2:03  Probe (Chrono Boost)  
  23  2:10  Probe (Chrono Boost)  
  25  2:19  Probe x2 (Chrono Boost)  
  26  2:24  Probe (Chrono Boost)  
  26  2:25  Probe  
  28  2:30  Stalker (Chrono Boost)  
  28  2:31  Stalker (Chrono Boost)  
  28  2:35  Warp Gate  
  32  2:38  Probe  
  32  2:39  Probe  
  34  2:50  Probe  
  34  2:51  Probe  
  35  3:03  Probe x2 (Chrono Boost)  
  37  3:08  Nexus  
  37  3:14  Assimilator  
  37  3:16  Pylon  
  37  3:19  Probe (Chrono Boost)  
  38  3:20  Probe (Chrono Boost)  
  38  3:23  Probe (Chrono Boost)  
  38  3:26  Probe  
  40  3:29  Robotics Facility  
  40  3:34  Probe (Chrono Boost)  
  42  3:41  Assimilator  
  42  3:43  Probe (Chrono Boost), Pylon  
  42  3:46  Probe (Chrono Boost)  
  42  3:47  Robotics Facility  
  43  3:51  Probe (Chrono Boost)  
  43  3:52  Probe (Chrono Boost)  
  43  3:55  Assimilator  
  45  4:00  Probe, Pylon  
  45  4:02  Probe  
  47  4:12  Shield Battery, Probe  
  47  4:13  Pylon  
  47  4:14  Probe  
  47  4:16  Immortal (Chrono Boost)  
  53  4:20  Probe  
  54  4:24  Probe  
  54  4:26  Probe  
  56  4:32  Probe  
  56  4:34  Observer (Chrono Boost)  
  56  4:36  Probe  
  59  4:38  Probe  
  59  4:44  Immortal (Chrono Boost)  
  59  4:45  Probe, Pylon  
  65  4:48  Probe  
  65  4:49  Observer  
  65  4:51  Probe  
  65  4:52  Immortal (Chrono Boost)  
  67  4:58  Probe  
  72  5:03  Probe x2  
  74  5:08  Twilight Council  
  74  5:10  Pylon  
  74  5:11  Probe  
  75  5:14  Pylon  
  75  5:15  Probe  
  75  5:16  Probe  
  75  5:17  Observer  
  75  5:20  Stalker  
  75  5:21  Stalker  
  82  5:23  Probe  
  82  5:27  Probe  
  84  5:28  Probe  
  84  5:32  Pylon  
  84  5:34  Assimilator  
  84  5:35  Probe  
  86  5:37  Assimilator  
  86  5:38  Observer  
  86  5:39  Probe  
  86  5:40  Probe  
  86  5:42  Charge (Chrono Boost)  
  93  5:45  Observer  
  93  5:47  Probe  
  93  5:48  Forge  
  93  5:49  Gateway  
  94  6:01  Observer  
  94  6:03  Probe  
  94  6:08  Stalker  
  94  6:10  Warp Prism (Chrono Boost), Forge  
  100  6:11  Gateway  
  100  6:12  Gateway  
  100  6:13  Protoss Ground Weapons Level 1 (Chrono Boost)  
  98  6:18  Gateway  
  98  6:19  Gateway  
  98  6:21  Immortal (Chrono Boost), Gateway  
  98  6:35  Gateway  
  98  6:37  Templar Archives  
  98  6:43  Photon Cannon  
  98  6:44  Zealot x2, Pylon  
  98  6:45  Zealot  
  104  6:50  Immortal, Pylon  
  104  6:53  Probe x2  
  106  6:55  Photon Cannon  
  106  7:00  Immortal  
  114  7:14  High Templar x6  
  126  7:19  Archon x3  
  126  7:20  Nexus  
  126  7:25  Zealot x2  
  126  7:26  Pylon x2  
  126  7:29  Photon Cannon  
  130  7:38  Pylon  
  130  7:52  Warp Prism (Chrono Boost)  
  130  7:53  Zealot x9  
  130  7:56  Probe  
  130  7:57  Probe  
  140  8:07  Observer  
  134  8:15  High Templar x6  
  134  8:16  Zealot x3  
  134  8:17  Probe x2  
  134  8:18  Probe  
  134  8:19  Protoss Ground Weapons Level 2 (Chrono Boost)  
  147  8:20  Archon x3  
  147  8:24  Warp Prism  
  136  8:44  Zealot x3  
  136  8:47  Zealot x5  
  144  8:50  Zealot  
  142  9:02  Immortal x2 (Chrono Boost)  
  126  9:10  Observer  
  126  9:13  High Templar x4  
  126  9:14  Zealot x5  
  118  9:17  Archon x2  
  118  9:19  Probe x3  
  121  9:35  Zealot x5  
  121  9:38  Immortal (Chrono Boost)  
  131  9:39  Stargate  
  131  9:40  Stargate  
  135  9:45  Photon Cannon  
  135  9:46  Shield Battery  
  135  9:51  Immortal (Chrono Boost)  
  139  9:57  Zealot x2  
  139  9:58  Zealot x3  
  149  10:01  Zealot x7  
  149  10:04  Pylon  
  149  10:06  Protoss Air Weapons Level 1  
  147  10:16  Observer (Chrono Boost)  
  144  10:28  Phoenix x2 (Chrono Boost)  
  138  10:29  Zealot x9  
  154  10:37  Immortal x2  
  162  10:48  Phoenix x2 (Chrono Boost)  
  152  10:50  Zealot  
  152  10:51  Zealot x4  
  156  11:06  Phoenix x2 (Chrono Boost)  
  156  11:07  Zealot x2  
  156  11:08  Zealot x2  
  164  11:24  Pylon  
  163  11:26  Pylon  
  163  11:27  Protoss Ground Weapons Level 3, Pylon  
  163  11:28  Phoenix  
  163  11:29  Photon Cannon  
  163  11:30  Phoenix  
  162  11:34  Immortal  
  162  11:36  Zealot  
  162  11:37  Zealot  
  163  11:45  Zealot x6  
  171  11:49  Photon Cannon  
  168  12:07  Nexus, High Templar  
  168  12:08  High Templar x5  
  178  12:14  Archon x2  
  178  12:15  Archon  
  178  12:16  Zealot x3, Photon Cannon  
  178  12:19  Observer  
  182  12:25  Pylon  
  182  12:27  Pylon  
  182  12:37  Zealot x3  
  188  12:46  Pylon x2  
  188  12:48  Gateway x2  
  180  12:57  Immortal  
  152  12:58  Zealot x7  
  142  13:10  Zealot x2  
  142  13:11  Observer  
  122  13:24  Zealot  
  122  13:25  Zealot x6  
  122  13:28  Probe x5  
  127  13:36  High Templar x2  
  127  13:40  Archon  
  131  13:53  High Templar x5  
  131  13:54  Zealot x3, High Templar  
  149  13:57  Archon x2  
  149  13:58  Archon, Observer  
  149  14:00  Observer (Chrono Boost)  
  149  14:01  Observer (Chrono Boost)  
  144  14:17  Zealot x5  
  131  14:31  Immortal x2  
  131  14:37  Zealot x8  
  145  14:41  Nexus  
  135  15:03  High Templar x5  
  135  15:04  Zealot x5, High Templar  
  153  15:07  Phoenix, Observer  
  153  15:09  Archon  
  153  15:10  Archon x2  
  155  15:18  Immortal  
  127  15:31  Phoenix  
  127  15:32  Phoenix  
  127  15:35  Photon Cannon  
  131  15:36  Shield Battery  
  131  15:38  Pylon  
  131  15:40  Zealot x3  
  137  15:47  Zealot  
  139  15:54  Photon Cannon  
  139  16:01  High Templar x4  
  139  16:02  Zealot x3  
  153  16:06  Observer x2 (Chrono Boost)  
  153  16:07  Archon  
  153  16:08  Archon  
  155  16:13  Zealot x4  
  148  16:32  Zealot x4  
  152  16:33  Zealot x3  
  151  16:40  Probe x3  
  151  16:41  Probe x2  
  148  16:52  Probe x2  
  148  16:53  Probe x2  
  153  17:04  Probe  
  153  17:05  Zealot x9  
Tags
 
Add a new tag
Caveats
  • Supply blocks, unpowered buildings, or Contaminate may cause inaccurate times.
  • Supply counts are checked every 10 seconds.